 Dungeon Crawl Stone Soup version 0.30-a0-51-g784eafce7f (webtiles) character file.

Game seed: 7510344339879198688

3250 LnG the Cleaver (level 9, -6/80 HPs)
             Began as a Hill Orc Fighter on Sept 5, 2022.
             Was a High Priest of Uskayaw.
             Mangled by an orange demon (9 damage)
             ... led by Amaemon
             ... on level 8 of the Dungeon.
             The game lasted 00:26:08 (10086 turns).

LnG the Cleaver (Hill Orc Fighter)                 Turns: 10086, Time: 00:26:09

Health: -6/80      AC:  9    Str: 23    XL:     9   Next: 99%
Magic:  9/9        EV: 10    Int:  8    God:    Uskayaw [*****.]
Gold:   103        SH:  5    Dex: 10    Spells: 8/8 levels left

rFire   + . .      SeeInvis +    a - +0 war axe
rCold   + . .      Faith    .    c - +0 buckler
rNeg    . . .      Spirit   .    b - +0 scale mail
rPois   +          Reflect  .    o - +0 helmet {SInv}
rElec   +          Harm     .    (no cloak)
rCorr   +          Rampage  .    (no gloves)
Will    .....                    (no boots)
Stlth   ..........               (no amulet)
HPRegen 0.23/turn                (no ring)
MPRegen 0.11/turn                (no ring)

@: mighty, resistant
A: no striking features
a: Renounce Religion, Stomp, Line Pass, Grand Finale


You were on level 8 of the Dungeon.
You worshipped Uskayaw.
Uskayaw was noncommittal.
You visited 2 branches of the dungeon, and saw 9 of its levels.

You collected 373 gold pieces.
You spent 270 gold pieces at shops.

Inventory:

Hand Weapons
 a - a +0 war axe (weapon)
Missiles
 j - 11 boomerangs (quivered)
 u - 5 boomerangs of dispersal
Armour
 b - a +0 scale mail (worn)
 c - a +0 buckler (worn)
 o - a +0 helmet of see invisible (worn)
Wands
 q - a wand of mindburst (6)
 t - a wand of iceblast (28)
Scrolls
 h - 5 scrolls of teleportation {unknown}
 k - 2 scrolls of torment
 l - a scroll of magic mapping
 n - 2 scrolls of fog
 p - a scroll of vulnerability
 r - a scroll of poison
 s - 2 scrolls of blinking
 v - a scroll of immolation {unknown}
 w - a scroll of silence {unknown}
 y - a scroll of enchant weapon {unknown}
 C - a scroll of noise {unknown}
Potions
 e - 3 potions of mutation
 f - a potion of curing
 g - a potion of attraction
 i - a potion of resistance
 m - 2 potions of cancellation
 x - 3 potions of flight
 z - a potion of brilliance {unknown}
 B - a potion of degeneration {unknown}
 D - 2 potions of lignification {unknown}


   Skills:
 + Level 7.7 Fighting
 + Level 12.1 Axes
 + Level 1.5 Throwing
 + Level 7.7 Armour
 + Level 2.3 Dodging
 + Level 1.3 Stealth
 + Level 5.2 Shields


You had 8 spell levels left.
You didn't know any spells.
Your spell library contained the following spells:

 Spells                   Type           Power      Damage    Failure   Level
 Necrotise                Necr           0%         1d4       77%         1
 Ozocubu's Armour         Ice            0%         N/A       98%         3
 Tukima's Dance           Hex            0%         N/A       98%         3
 Vampiric Draining        Necr           0%         2d6       98%         3
 Passage of Golubria      Tloc           0%         N/A       100%        4
 Agony                    Necr           0%         N/A       100%        5
 Metabolic Englaciation   Hex/Ice        0%         N/A       100%        5
 Yara's Violent Unravell  Hex/Tmut       0%         3d3       100%        5
 Simulacrum               Ice/Necr       0%         N/A       100%        6


Dungeon Overview and Level Annotations

Branches:
Dungeon (8/15)             Temple (1/1) D:4
   Lair: D:8-11

Altars:
Ashenzari
Cheibriados
Dithmenos
Elyvilon
Fedhas
Gozag
Hepliaklqana
Kikubaaqudgha
Makhleb
Nemelex Xobeh
Okawaru
Qazlal
Ru
Sif Muna
Trog
Uskayaw
Wu Jian
Xom
Yredelemnul
Zin
The Shining One

Shops:
D:3 (   D:4 =   D:6 *

Annotations:
D:6 2 transporters
D:8 Amaemon


Message History

You closely miss Amaemon.
Amaemon is severely wounded.
You feel sick. Amaemon closely misses you. Amaemon barely misses you. x2
The orange demon stings you from afar!
* * * LOW HITPOINT WARNING * * *
You slash Amaemon!
Amaemon is severely wounded.
You feel sick.
You can now merge with and destroy a victim.
You barely miss Amaemon.
Amaemon is severely wounded.
You feel sick. The orange demon stings you from afar!
* * * LOW HITPOINT WARNING * * *
You block Amaemon's attack. Amaemon barely misses you.
Amaemon tail-slaps you but does no damage.
You feel much better.
You feel sick. You block the orange demon's attack.
Amaemon hits you with a +1 demon whip of venom!
* * * LOW HITPOINT WARNING * * *
Amaemon claws you.
* * * LOW HITPOINT WARNING * * *
Amaemon tail-slaps you but does no damage.
Unknown command.
You barely miss Amaemon.
Amaemon is severely wounded.
You feel sick.
You are no longer poisoned.
The orange demon closely misses you.
Amaemon sings, "Eyes close, heart stop, nighty-night for you..."
Amaemon hits you with a +1 demon whip of venom.
* * * LOW HITPOINT WARNING * * *
Amaemon claws you.
* * * LOW HITPOINT WARNING * * *
You block Amaemon's attack.
You slash Amaemon!
Amaemon is almost dead.
Amaemon barely misses you. Amaemon claws you!
* * * LOW HITPOINT WARNING * * *
Amaemon tail-slaps you but does no damage.
The orange demon stings you from afar!
You die...

.# .# [.#
..# #..# .
4..
#...####6#
......†@.#
.......††#
...####....
# #..##..
.... ..#
#..## .#
...# . ##.#


You could see Amaemon and an orange demon (curare).

Vanquished Creatures
  Joseph (D:7)
  Prince Ribbit (D:8)
  Menkaure (D:5)
  A sky beast (D:7)
  3 ice beasts
  A black bear (D:6)
  5 ogres
  2 phantoms (D:6)
  3 bullfrogs
  A gnoll sergeant (D:6)
  3 kobold brigands
  2 scorpions
  5 wights (D:6)
  3 jellies
  A howler monkey (D:5)
  4 hounds
  A gnoll bouda (D:6)
  An orc priest (D:5)
  3 iguanas
  2 orc wizards
  Robin (D:3)
  14 gnolls
  10 adders
  A white imp (D:7)
  An ufetubus (D:4)
  17 orcs
  7 ball pythons
  4 bats (D:2)
  11 endoplasms
  3 giant cockroaches
  15 goblins
  10 hobgoblins
  2 jackals (D:4)
  18 kobolds
  A quokka (D:3)
  4 frilled lizards
  7 rats
  A spectral goblin (D:3)
171 creatures vanquished.

Notes
Turn   | Place    | Note
-------+----------+-------------------------------------------
     0 | D:1      | LnG the Hill Orc Fighter began the quest for the Orb.
     0 | D:1      | Reached XP level 1. HP: 19/19 MP: 1/1
   239 | D:1      | Reached skill level 3 in Axes
   239 | D:1      | Reached XP level 2. HP: 18/27 MP: 2/2
   772 | D:2      | Reached XP level 3. HP: 31/33 MP: 3/3
   881 | D:2      | Found a snail-covered altar of Cheibriados.
  1008 | D:2      | Found a faded altar of an unknown god.
  1303 | D:2      | Reached skill level 4 in Axes
  1415 | D:2      | Reached XP level 4. HP: 40/40 MP: 4/4
  1974 | D:3      | Noticed Robin
  1988 | D:3      | Killed Robin
  1989 | D:3      | Reached XP level 5. HP: 10/46 MP: 5/5
  2234 | D:3      | Reached skill level 5 in Axes
  2506 | D:3      | Found Uvvic's Antique Weapon Emporium.
  2589 | D:3      | Found a hazy altar of Hepliaklqana.
  2929 | D:4      | Found a staircase to the Ecumenical Temple.
  2946 | Temple   | Entered the Ecumenical Temple
  3502 | D:4      | Found Xoaruts's Jewellery Shoppe.
  3680 | D:4      | Reached skill level 6 in Axes
  3680 | D:4      | Reached skill level 1 in Dodging
  3680 | D:4      | Reached XP level 6. HP: 53/53 MP: 6/6
  3840 | D:5      | Entered Level 5 of the Dungeon
  4232 | D:5      | Noticed Menkaure
  4240 | D:5      | Killed Menkaure
  4241 | D:5      | Reached skill level 7 in Axes
  4241 | D:5      | Reached XP level 7. HP: 53/60 MP: 7/7
  4284 | D:5      | Reached skill level 5 in Armour
  4598 | D:5      | Reached skill level 5 in Fighting
  5845 | D:6      | Found a transporter.
  5849 | D:6      | Noticed a kobold demonologist
  5870 | D:6      | Found a transporter.
  5895 | D:6      | Reached XP level 8. HP: 58/69 MP: 8/8
  5962 | D:6      | Reached skill level 8 in Axes
  6723 | D:6      | Reached skill level 9 in Axes
  7556 | D:6      | Found a burning altar of Makhleb.
  7901 | D:6      | Reached XP level 9. HP: 64/78 MP: 9/9
  7912 | D:6      | Reached skill level 10 in Axes
  8063 | D:6      | Found a broken altar of Ashenzari.
  8313 | D:6      | Reached skill level 1 in Stealth
  8416 | D:6      | Found Huif's General Store.
  8422 | D:6      | Bought a potion of heal wounds for 75 gold pieces
  8422 | D:6      | Bought a potion of heal wounds for 75 gold pieces
  8422 | D:6      | Bought a potion of cancellation for 120 gold pieces
  8490 | D:7      | Reached skill level 5 in Shields
  8691 | D:7      | Found a shimmering blue altar of Sif Muna.
  9013 | D:7      | Reached skill level 11 in Axes
  9335 | D:7      | Found a hide-covered altar of Uskayaw.
  9339 | D:7      | Became a worshipper of Uskayaw the Reveller
  9345 | D:7      | Found a blossoming altar of Fedhas.
  9351 | D:7      | Found a sacrificial altar of Ru.
  9417 | D:7      | Reached * piety under Uskayaw
  9426 | D:7      | Reached ** piety under Uskayaw
  9798 | D:8      | Noticed Joseph
  9799 | D:8      | Noticed Amaemon
  9807 | D:7      | Killed Joseph
  9807 | D:7      | Reached *** piety under Uskayaw
  9808 | D:7      | Reached skill level 1 in Throwing
 10070 | D:8      | Noticed Prince Ribbit
 10073 | D:8      | Killed Prince Ribbit
 10073 | D:8      | Noticed an orange demon
 10075 | D:8      | Reached **** piety under Uskayaw
 10076 | D:8      | Reached skill level 12 in Axes
 10082 | D:8      | Reached ***** piety under Uskayaw
 10086 | D:8      | HP: 3/80 [Amaemon/+1 demon whip of venom (8)]
 10086 | D:8      | Mangled by an orange demon

Illustrated notes

Levels and vault maps discovered:
D:1:      amcnicky_arrival_wind_blow, layout_rooms, chequers_avenue
D:2:      layout_basic, basic_ecumenical_altar, basic_altar, dk_noncrumbling_4
D:3:      layout_basic, nicolae_hepliaklqana_monster_ancestors, serial_shops,
          shop_statue, uniq_robin
D:4:      layout_loops_ring, minmay_temple_entry_slanted, serial_shops,
          kennysheep_mini
D:5:      layout_basic, serial_rivers, chequers_serial_rivers_micro_e,
          chequers_serial_rivers_micro_c, chequers_serial_rivers_large_b,
          chequers_serial_rivers_large_a, uniq_menkaure
D:6:      gammafunk_wand_slinger, layout_basic, lemuel_crystal_altar,
          ashenzari_conservatory_becter, kennysheep_windowed_goal
D:7:      layout_cave_pools, mainiacjoe_overflow_small_starburst,
          grunt_temple_overflow_diamond
D:8:      layout_loops_ring, uniq_grum, uniq_joseph, uniq_prince_ribbit1,
          uniq_pikel, uniq_amaemon
Temple:   compressed_dpeg_circular_temple

Skill      XL: |  1  2  3  4  5  6  7  8  9 |
---------------+----------------------------+-----
Axes           | 3 4 6 7 9 12 | 12.1
Fighting       | 4 5 6 7 |  7.7
Armour         | 4 5 7 |  7.7
Dodging        | 1 2 |  2.3
Shields        | 4 5 |  5.2
Stealth        | 1 |  1.3
Throwing       | 1 |  1.5

Action                   |  1- 3 |  4- 6 |  7- 9 || total
-------------------------+-------+-------+-------++-------
Melee: War axe           |    93 |   157 |   297 ||   547
Throw: Boomerang         |       |     2 |    19 ||    21
  Use: Scroll            |       |     6 |     5 ||    11
       Potion            |       |       |     6 ||     6
 Stab: Paralysed         |       |       |     3 ||     3
Armor: Scale mail        |    48 |   100 |   113 ||   261
Dodge: Dodged            |    44 |    72 |   145 ||   261
Block: Buckler           |    26 |    35 |    61 ||   122

Table legend: (Time is in decaauts)
 A = Elapsed time spent in this place.
 B = Non-inter-level travel time spent in this place.
 C = Inter-level travel time spent in this place.
 D = Time resting spent in this place.
 E = Time spent auto-exploring this place.
 F = Levels seen in this place.
 G = Mean time per level.
                   A        B        C        D        E       F      G
               +--------+--------+--------+--------+--------+-----+--------+
         Total |  10233 |   9955 |    278 |   4359 |   2954 |   9 | 1137.0 |
       Dungeon |  10116 |   9873 |    243 |   4359 |   2885 |   8 | 1264.5 |
        Temple |    116 |     81 |     35 |      0 |     69 |   1 |  116.0 |
               +--------+--------+--------+--------+--------+-----+--------+

Top non-repeatable levels by time:
     D:5: 2613 daAuts
     D:6: 2147 daAuts
     D:7: 1543 daAuts
     D:3: 1235 daAuts
     D:2: 955 daAuts
     D:4: 822 daAuts
     D:1: 781 daAuts
  Temple: 116 daAuts
     D:8: 18 daAuts
